 Dungeon Crawl Stone Soup version 0.19.1 (webtiles) character file.

35522 nikopol the Cleaver (level 13, -4/118 HPs)
             Began as a Minotaur Berserker on Dec 2, 2016.
             Was a High Priest of Trog.
             Slain by a tyrant leech (22 damage)
             ... on level 6 of the Lair of Beasts on Dec 5, 2016.
             The game lasted 00:52:41 (17615 turns).

nikopol the Cleaver (Minotaur Berserker)           Turns: 17615, Time: 00:52:42

Health: -4/118     AC: 14    Str: 23    XL:     13   Next: 48%
Magic:  0/12       EV: 17    Int:  4    God:    Trog [*****.]
Gold:   1178       SH:  0    Dex: 14    Spells: 0 memorised, 12 levels left

rFire  + . .     SeeInvis .     a - +3 battleaxe (freeze)
rCold  . . .     Gourm    .     W - +1 ring mail {rF+}
rNeg   . . .     Faith    .     (shield currently unavailable)
rPois  .         Spirit   +     (helmet restricted)
rElec  .         Reflect  .     e - +0 cloak
rCorr  .         Harm     .     w - +0 pair of gloves
MR     +....                    (no boots)
Stlth  +.........               d - amulet of guardian spirit
                                L - ring of protection from magic
                                T - +3 ring of protection

@: exhausted, slowed, very slow
A: retaliatory headbutt, horns 2
a: Berserk, Trog's Hand, Brothers in Arms, Burn Spellbooks, Renounce Religion


You were on level 6 of the Lair of Beasts.
You worshipped Trog.
Trog was extremely pleased with you.
You were near starving.

You visited 2 branches of the dungeon, and saw 15 of its levels.
You also visited: Sewer and Volcano.

You collected 1178 gold pieces.

Inventory:

Hand Weapons
 a - a +3 battleaxe of freezing (weapon)
 m - a +0 shortbow
 z - a +7 longbow of velocity
 V - a +0 broad axe of flaming
Missiles
 s - 156 arrows (quivered)
Armour
 e - a +0 cloak (worn)
 w - a +0 pair of gloves (worn)
 D - a +0 scale mail
 W - a +1 ring mail of fire resistance (worn)
Jewellery
 d - an amulet of guardian spirit (around neck)
 i - an uncursed ring of flight
 L - a ring of protection from magic (right hand)
 T - a +3 ring of protection (left hand)
Wands
 h - a wand of disintegration (15/24)
 l - a wand of teleportation (8/9)
Scrolls
 f - 4 scrolls of teleportation
 j - a scroll of magic mapping
 u - 5 scrolls of remove curse
 v - a scroll of fear {unknown}
 y - a scroll of summoning {unknown}
 F - 3 scrolls of recharging {unknown}
 H - 3 scrolls of enchant armour {unknown}
 P - a scroll of acquirement {unknown}
 R - 2 scrolls of vulnerability {unknown}
 S - 2 scrolls of identify
 X - a scroll of fog {unknown}
Potions
 k - a potion of degeneration {unknown}
 o - 2 potions of ambrosia
 q - a potion of agility {unknown}
 x - 5 potions of curing
 A - 2 potions of flight
 B - 3 potions of heal wounds
 E - 3 potions of brilliance
 I - 4 potions of might
 M - 2 potions of resistance {unknown}
 O - 2 potions of berserk rage {unknown}
 Q - a potion of magic {unknown}
Comestibles
 c - 6 bread rations
 t - a beef jerky
 J - 8 fruits
 N - 5 meat rations


   Skills:
 + Level 12.0 Fighting
 * Level 14.4 Axes
 * Level 12.3 Bows
 + Level 11.4 Armour
 + Level 10.5 Dodging


You had 12 spell levels left.
You didn't know any spells.

Dungeon Overview and Level Annotations

Branches:
Dungeon (9/15)             Temple (0/1) D:5            Lair (6/6) D:9
  Swamp (0/4) Lair:4        Snake (0/4) Lair:3        Slime (0/5) Lair:5
    Orc: D:9-12

Altars:
Cheibriados
Dithmenos
Fedhas
Gozag
Hepliaklqana
Nemelex Xobeh
Qazlal
Sif Muna
Trog
Vehumet
Xom
Yredelemnul
The Shining One
Beogh


Innate Abilities, Weirdness & Mutations

You reflexively headbutt those who attack you in melee.
You have a pair of horns on your head.


Message History

The spiny frog stings you but does no damage. x2
The spiny frog stings you!
* * * LOW HITPOINT WARNING * * *
Your troll goes berserk!
You feel somewhat more hungry. The spiny frog misses you.
The tyrant leech bites you but does no damage.
The spiny frog closely misses you. You furiously retaliate!
You headbutt the spiny frog, but do no damage.
You feel much better.
Your troll bites the spiny frog!
Your troll claws the spiny frog! x2; The spiny frog stings you.
* * * LOW HITPOINT WARNING * * *
The tyrant leech bites you!
* * * LOW HITPOINT WARNING * * *
The tyrant leech draws strength from your injuries!
Your troll completely misses the spiny frog.
Your troll claws the spiny frog!
The spiny frog dies!
Trog accepts your kill. The tyrant leech bites you!!
You die...

####.....†.†††÷÷.#
#........#..##<.##
#........#..##..#
##.P.....##.###..#
#≈≈..≈..P.#.###..##
#≈.≈≈.≈...#.P##..P#
##≈≈≈.≈P...#.P..†.##
#≈≈≈≈........†...##
#≈≈≈≈≈@≈.....P.#.P#
##≈≈PT†w......##..##
#≈≈≈≈≈≈........#..#
#≈P≈≈≈≈≈P..#...#..#
#≈≈≈.≈≈≈......#...#
#≈≈≈≈P≈≈.≈P.#.##P..
#.†≈≈≈≈≈≈..#... ...#
≈≈$Fw≈≈†≈≈≈≈≈≈≈.P.....
..#
≈≈(()≈≈≈≈P≈≈≈≈≈≈≈.....
##


You could see a tyrant leech and a friendly troll (berserk).

Vanquished Creatures
  Erolcha (D:9)
  4 hydras
  A skeletal warrior (Volcano)
  2 anaconda skeletons (Volcano)
  Pikel (D:4)
  3 oklob plants (Lair:2)
  9 elephants
  Joseph (D:8)
  2 black mambas
  Psyche (D:9)
  5 gargoyles (Volcano)
  12 spiny frogs
  Maurice (D:9)
  2 rime drakes
  4 komodo dragons
  2 trolls (D:9)
  A polar bear (Lair:3)
  14 blink frogs
  2 harpy skeletons (Volcano)
  2 tyrant leeches (Lair:6)
  5 dream sheep (Lair:6)
  Grinder (D:4)
  4 hippogriffs
  2 flying skulls (Volcano)
  An alligator skeleton (Volcano)
  5 yaks (Lair:3)
  3 basilisks
  11 vampire mosquitoes
  4 nagas (Lair:3)
  9 water moccasins
  7 porcupines
  Duvessa (D:7)
  3 orc warriors
  2 sky beasts
  2 slaves (D:4)
  2 black bears
  2 ice beasts (D:9)
  3 ogres
  2 necrophages
  15 wolves
  2 centaurs
  7 crocodiles
  18 bullfrogs
  2 big kobolds
  Blork the orc (D:4)
  Dowan (D:7)
  2 scorpions
  An electric eel (Lair:6)
  2 troll skeletons (Volcano)
  11 wights
  4 howler monkeys
  3 spriggan skeletons (Volcano)
  A bullfrog zombie (D:6)
  4 crimson imps
  A hound (D:8)
  7 orc wizards
  5 orc priests
  A bullfrog skeleton (D:5)
  A jelly (D:6)
  A hell rat (D:9)
  A statue (D:9)
  8 worker ants
  A naga skeleton (Volcano)
  2 hound skeletons
  A worker ant zombie (D:5)
  9 adders
  7 gnolls
  2 river rats (Sewer)
  A shadow imp (D:8)
  An adder zombie (D:8)
  4 worms
  4 dart slugs
  8 leopard geckos
  46 orcs
  6 giant cockroaches
  10 hobgoblins
  12 jackals
  5 quokkas
  4 ball pythons
  11 bats
  8 frilled lizards
  5 goblins
  16 kobolds
  A leopard gecko skeleton (D:6)
  A quokka skeleton (D:5)
  A quokka zombie (D:5)
  10 rats
  2 fungi (Lair:6)
  7 plants
423 creatures vanquished.

Vanquished Creatures (collateral kills)
  A skeletal warrior (Volcano)
  A spiny frog (Lair:6)
2 creatures vanquished.

Vanquished Creatures (others)
  A flying skull (Volcano)
  An orc priest (D:4)
  An adder (D:5)
  2 gnolls (D:5)
  15 fungi
  51 plants
71 creatures vanquished.

Grand Total: 496 creatures vanquished

Notes
Turn   | Place    | Note
-------+----------+-------------------------------------------
     0 | D:1      | nikopol the Minotaur Berserker began the quest for the Orb.
     0 | D:1      | Reached XP level 1. HP: 19/19 MP: 0/0
   168 | D:1      | Reached XP level 2. HP: 27/27 MP: 1/1
   669 | D:2      | Reached XP level 3. HP: 33/33 MP: 2/2
   776 | D:2      | Found a faded altar of an unknown god.
   776 | D:2      | Found a bloodstained altar of Trog.
   781 | D:2      | Found a shadowy altar of Dithmenos.
   787 | D:2      | Found a faded altar of an unknown god.
   789 | D:2      | Found a basalt altar of Yredelemnul.
   849 | D:2      | Found a glowing golden altar of the Shining One.
   857 | D:2      | Reached ** piety under Trog
  1065 | D:2      | Found a deep blue altar of Sif Muna.
  1564 | D:3      | Reached XP level 4. HP: 41/41 MP: 3/3
  1605 | D:3      | Found a glowing drain.
  1639 | D:3      | Reached skill level 4 in Axes
  1650 | Sewer    | Entered a sewer
  1887 | Sewer    | Noticed a big kobold
  1916 | Sewer    | Killed a big kobold
  1916 | Sewer    | Reached skill level 5 in Fighting
  1916 | Sewer    | Reached XP level 5. HP: 48/48 MP: 4/4
  2029 | Sewer    | Found a white marble altar of Elyvilon.
  2238 | D:3      | Noticed an orc warrior
  2250 | D:3      | Killed an orc warrior
  2250 | D:3      | Reached skill level 5 in Axes
  2250 | D:3      | Reached XP level 6. HP: 34/56 MP: 5/5
  2494 | D:3      | Reached *** piety under Trog
  2878 | D:3      | Found a hazy altar of Hepliaklqana.
  2951 | D:3      | Found a snail-covered altar of Cheibriados.
  3317 | D:4      | Noticed a slave
  3319 | D:4      | Noticed Pikel
  3319 | D:4      | Noticed a slave
  3319 | D:4      | Noticed a slave
  3320 | D:4      | Noticed a slave
  3326 | D:4      | Noticed Grinder
  3333 | D:4      | Killed a slave
  3336 | D:4      | Killed a slave
  3337 | D:4      | Killed Pikel
  3337 | D:4      | Reached skill level 6 in Axes
  3337 | D:4      | Reached skill level 5 in Armour
  3337 | D:4      | Reached skill level 5 in Dodging
  3337 | D:4      | Reached XP level 7. HP: 45/64 MP: 6/6
  3343 | D:4      | Killed Grinder
  3614 | D:4      | Noticed Blork the orc
  3624 | D:4      | Killed Blork the orc
  3624 | D:4      | Reached XP level 8. HP: 73/73 MP: 7/7
  4158 | D:5      | Entered Level 5 of the Dungeon
  4278 | D:5      | Found a staircase to the Ecumenical Temple.
  4307 | D:5      | Found a shimmering altar of Xom.
  4346 | D:5      | Reached skill level 7 in Axes
  4363 | D:5      | Reached **** piety under Trog
  4505 | D:5      | Found a stormy altar of Qazlal.
  4636 | D:5      | Found a blossoming altar of Fedhas.
  5039 | D:5      | Reached skill level 1 in Bows
  5479 | D:6      | Reached XP level 9. HP: 78/79 MP: 8/8
  5632 | D:6      | Reached skill level 8 in Axes
  6162 | D:7      | Noticed Dowan
  6164 | D:7      | Noticed Duvessa
  6171 | D:7      | Killed Duvessa
  6175 | D:7      | Killed Dowan
  6175 | D:7      | Reached ***** piety under Trog
  6604 | D:8      | Noticed Joseph
  6613 | D:8      | HP: 4/80 [Joseph/sling bullet (4)]
  7205 | D:8      | Killed Joseph
  7205 | D:8      | Reached skill level 9 in Axes
  7295 | D:8      | Received a gift from Trog
  7427 | D:8      | Found an opulent altar of Gozag.
  7523 | D:8      | Found a snail-covered altar of Cheibriados.
  7661 | D:8      | Found a sparkling altar of Nemelex Xobeh.
  7830 | D:8      | Reached skill level 5 in Bows
  7907 | D:8      | Reached XP level 10. HP: 57/88 MP: 9/9
  7926 | D:8      | Found a roughly hewn altar of Beogh.
  8204 | D:9      | Found a staircase to the Lair.
  8207 | D:9      | Noticed Erolcha
  8211 | D:9      | Noticed a spiny frog
  8212 | D:9      | Noticed Maurice
  8216 | D:9      | Killed Maurice
  8218 | D:9      | Killed Erolcha
  8218 | D:9      | Reached skill level 10 in Axes
  8220 | D:9      | Killed a spiny frog
  8711 | D:9      | Noticed Psyche
  8722 | D:9      | Killed Psyche
  8861 | D:9      | Received a gift from Trog
  9155 | D:9      | Found a radiant altar of Vehumet.
  9709 | Lair:1   | Entered Level 1 of the Lair of Beasts
  9713 | Lair:1   | Received a gift from Trog
  9893 | Lair:1   | Reached skill level 11 in Axes
  9896 | Lair:1   | Reached XP level 11. HP: 28/95 MP: 10/10
 10539 | Lair:1   | Reached skill level 10 in Fighting
 10702 | Lair:2   | Noticed a five-headed hydra
 10709 | Lair:2   | Killed a nine-headed hydra
 11106 | Lair:2   | Received a gift from Trog
 11122 | Lair:2   | Reached skill level 12 in Axes
 11728 | Lair:2   | Noticed an oklob plant
 11749 | Lair:2   | Noticed an oklob plant
 11756 | Lair:2   | Noticed an oklob plant
 11764 | Lair:2   | Killed an oklob plant
 12175 | Lair:2   | Killed an oklob plant
 12192 | Lair:2   | Killed an oklob plant
 12519 | Lair:2   | Reached skill level 10 in Armour
 12519 | Lair:2   | Reached XP level 12. HP: 98/104 MP: 11/11
 12524 | Lair:2   | Received a gift from Trog
 12752 | Lair:3   | Reached skill level 10 in Bows
 12893 | Lair:3   | Found a staircase to the Snake Pit.
 13720 | Lair:4   | Found a staircase to the Swamp.
 13779 | Lair:4   | Reached skill level 13 in Axes
 15047 | Lair:5   | Found a dark tunnel.
 15054 | Volcano  | Entered a volcano
 15264 | Volcano  | Reached skill level 10 in Dodging
 15321 | Volcano  | HP: 7/159 [skeletal warrior/halberd of flaming (6)]
 16217 | Lair:5   | Noticed a seven-headed hydra
 16223 | Lair:5   | Killed a seven-headed hydra
 16223 | Lair:5   | Reached XP level 13. HP: 105/112 MP: 10/12
 16442 | Lair:5   | Found a staircase to the Slime Pits.
 16534 | Lair:5   | Received a gift from Trog
 16800 | Lair:5   | Reached skill level 14 in Axes
 17147 | Lair:6   | Entered Level 6 of the Lair of Beasts
 17615 | Lair:6   | Slain by a tyrant leech

Skill      XL: |  1  2  3  4  5  6  7  8  9 10 11 12 13 |
---------------+----------------------------------------+-----
Fighting       | 4 5 6 7 8 9 10 11 12 | 12.0
Armour         | 3 4 5 7 8 10 11 | 11.4
Dodging        | 3 4 5 6 7 8 9 10 | 10.5
Axes           | 4 5 6 7 9 11 12 13 14 | 14.4
Bows           | 2 5 7 9 11 12 | 12.3

Action                   |  1- 3 |  4- 6 |  7- 9 | 10-12 | 13-15 || total
-------------------------+-------+-------+-------+-------+-------++-------
Melee: Hand axe          |   125 |   144 |    17 |       |       ||   286
       Headbutt          |     8 |    25 |    43 |    50 |    14 ||   140
       War axe           |       |       |   200 |       |       ||   200
       Battleaxe         |       |       |    21 |   276 |    68 ||   365
 Fire: Shortbow          |       |       |   173 |   176 |       ||   349
       Longbow           |       |       |       |    87 |    86 ||   173
Invok: Berserk           |       |     3 |     6 |     4 |     2 ||    15
       Trog's Hand       |       |     1 |       |       |       ||     1
       Burn Spellbooks   |       |     2 |       |     1 |       ||     3
       Brothers in Arms  |       |       |       |     1 |     1 ||     2
 Abil: Stop Flying       |       |     1 |       |       |       ||     1
       Evoke Flight      |       |     1 |       |       |       ||     1
  Use: Scroll            |       |       |     6 |    12 |     3 ||    21
       Potion            |       |       |       |     1 |     1 ||     2
  Eat: Chunk             |     2 |     8 |    17 |    26 |     4 ||    57
       Beef jerky        |       |       |     3 |       |       ||     3
       Bread ration      |       |       |       |     1 |       ||     1
Armor: Animal skin       |    18 |       |       |       |       ||    18
       Ring mail         |    32 |    58 |       |     6 |    39 ||   135
       Scale mail        |       |    11 |   125 |   101 |       ||   237
Dodge: Dodged            |    70 |   101 |   237 |   289 |    84 ||   781
